 Dungeon Crawl Stone Soup version 0.18.1-50-g88ac8fd (webtiles) character file.

492 CplKlinger the Covered (level 6, -9/56 HPs)
             Began as a Minotaur Fighter on Oct 9, 2016.
             Mangled by an ogre
             ... wielding a +0 giant club
              (18 damage)
             ... on level 4 of the Dungeon.
             The game lasted 00:09:26 (2515 turns).

CplKlinger the Covered (Minotaur Fighter)           Turns: 2515, Time: 00:09:27

Health: -9/56      AC:  9    Str: 21    XL:     6   Next: 91%
Magic:  5/5        EV:  9    Int:  5    God:
Gold:   93         SH: 10    Dex: 11    Spells: 0 memorised, 5 levels left

rFire  . . .     SeeInvis .     a - +0 war axe
rCold  . . .     Gourm    .     b - +0 scale mail
rNeg   . . .     Faith    .     c - +0 shield
rPois  .         Spirit   .     (helmet restricted)
rElec  .         Dismiss  .     (no cloak)
rCorr  .         Reflect  .     p - +1 pair of gloves
SustAt .         Harm     .     (no boots)
MR     .....                    (no amulet)
Stlth  ..........               (no ring)
                                (no ring)

@: not resistant to hostile enchantments, extremely unstealthy
A: retaliatory headbutt, horns 2
a: no special abilities


You were on level 4 of the Dungeon.
You were not hungry.

You visited 1 branch of the dungeon, and saw 4 of its levels.

You collected 93 gold pieces.

Inventory:

Hand Weapons
 a - a +0 war axe (weapon)
 t - a +0 hunting sling
Missiles
 e - 2 throwing nets (quivered)
 k - 19 bolts
 u - 15 poisoned needles
Armour
 b - a +0 scale mail (worn)
 c - a +0 shield (worn)
 h - a +0 ring mail
 p - a +1 pair of gloves (worn)
Jewellery
 i - an uncursed ring of loudness
Scrolls
 v - a scroll of teleportation
Potions
 d - a potion of might
 f - a potion of heal wounds {unknown}
 g - 2 potions of lignification {unknown}
 j - 5 potions of agility {unknown}
 l - a potion of curing {unknown}
 s - a potion of brilliance {unknown}
Comestibles
 n - 2 bread rations
 q - a meat ration
 r - 5 fruits


   Skills:
 + Level 5.4 Fighting
 + Level 4.2 Axes
 + Level 5.7 Armour
 + Level 2.5 Dodging
 + Level 0.1 Stealth
 + Level 5.3 Shields


You had 5 spell levels left.
You didn't know any spells.

Dungeon Overview and Level Annotations

Branches:
Dungeon (4/15)
 Temple: D:4-7

Altars:
Elyvilon


Innate Abilities, Weirdness & Mutations

You reflexively headbutt those who attack you in melee.
You have a pair of horns on your head.


Message History

The ogre is lightly wounded.
The ogre hits you but does no damage. You block the ogre's attack.
You hit the ogre.
The ogre is lightly wounded.
The ogre barely misses you.
You slash the ogre!
The ogre is heavily wounded.
The ogre hits you with a giant club!!
Ouch! That really hurt!
You barely miss the ogre. You headbutt the ogre.
The ogre is heavily wounded.
You block the ogre's attack.
You closely miss the ogre.
The ogre is heavily wounded.
The ogre hits you with a giant club!!
* * * LOW HITPOINT WARNING * * *
You closely miss the ogre.
The ogre is heavily wounded.
The ogre hits you with a giant club!!
You die...

##.##.###.######
#.........# #.###.###.#
≈ #..##.# #.# #### '#
#.....# #.# ##...#..#
#..#### #.###....?.#
#..##.###.##.......##
####..#...##.#...O.....#
>............'..@......'
#####.#...####.........#
#.##.## ##.......##
#.#### ##.....## #.#
##...## #.# #+## #.# #.#
#.#


You could see an ogre.

Vanquished Creatures
  Grinder (D:4)
  A phantom (D:4)
  The ghost of Larett the Covert, an amateur SpAs (D:3)
  A hound (D:4)
  4 adders
  2 oozes (D:1)
  2 worms
  2 dart slugs
  A giant gecko (D:1)
  7 orcs (D:3)
  2 ball pythons (D:1)
  3 bats (D:1)
  2 giant cockroaches (D:3)
  3 goblins
  8 hobgoblins
  5 jackals
  4 kobolds
  A quokka (D:3)
  A giant gecko skeleton (D:4)
  4 giant newts
  6 rats
61 creatures vanquished.

Notes
Turn   | Place    | Note
--------------------------------------------------------------
     0 | D:1      | CplKlinger the Minotaur Fighter began the quest for the Orb.
     0 | D:1      | Reached XP level 1. HP: 19/19 MP: 0/0
   153 | D:1      | Reached XP level 2. HP: 27/27 MP: 1/1
   540 | D:1      | Reached XP level 3. HP: 28/34 MP: 2/2
   966 | D:2      | Reached skill level 1 in Dodging
  1054 | D:2      | Reached XP level 4. HP: 41/41 MP: 3/3
  1112 | D:2      | Found a white marble altar of Elyvilon.
  1366 | D:3      | Noticed Larett's ghost (amateur SpAs)
  1372 | D:3      | Killed Larett's ghost
  1372 | D:3      | Reached XP level 5. HP: 47/47 MP: 4/4
  2294 | D:4      | Noticed Grinder
  2311 | D:4      | Killed Grinder
  2311 | D:4      | Reached skill level 5 in Fighting
  2311 | D:4      | Reached skill level 5 in Armour
  2311 | D:4      | Reached skill level 5 in Shields
  2311 | D:4      | Reached XP level 6. HP: 43/56 MP: 5/5
  2515 | D:4      | Mangled by an ogre

Skill      XL: |  1  2  3  4  5 |
---------------+----------------+-----
Fighting       | 4 5 |  5.4
Shields        | 4 5 |  5.3
Axes           | 3 4 |  4.2
Dodging        | 1 2 |  2.5
Armour         | 4 5 |  5.7
Stealth        | |  0.1

Action                   |  1- 3 |  4- 6 || total
-------------------------+-------+-------++-------
Melee: War axe           |    74 |   112 ||   186
       Headbutt          |     9 |    13 ||    22
  Use: Scroll            |     5 |     4 ||     9
  Eat: Bread ration      |       |     2 ||     2
Armor: Scale mail        |    43 |    34 ||    77
Dodge: Dodged            |    28 |    34 ||    62
Block: Shield            |    49 |    53 ||   102
